 Dungeon Crawl Stone Soup version 0.26-a0-612-gd4d190f45e (webtiles) character file.

Game seed: 13091855442037415721

7 Krehm the Stinger (level 2, 22/22 HPs)
             Began as a Naga Venom Mage on Sept 10, 2020.
             Quit the game on level 1 of the Dungeon on Nov 13, 2021.
             The game lasted 00:01:43 (338 turns).

Krehm the Stinger (Naga Venom Mage)                  Turns: 338, Time: 00:01:43

Health: 22/22      AC:  1    Str: 10    XL:     2   Next: 0%
Magic:  5/5        EV: 10    Int: 15    God:
Gold:   14         SH:  0    Dex: 11    Spells: 4/5 levels left

rFire    . . .     SeeInvis +   c - +0 club
rCold    . . .     Faith    .   (no shield)
rNeg     . . .     Spirit   .   a - +0 robe
rPois    +         Reflect  .   (no helmet)
rElec    .         Harm     .   (no cloak)
rCorr    .                      (no gloves)
MR       .....                  (no barding)
Stlth    ++........             (no amulet)
HPRegen  0.07/turn              (no ring)
MPRegen  0.09/turn              (no ring)

@: very slow
A: large, see invisible, deformed body, poison resistance, slowness 2, spit
poison 1, AC +0
a: Spit Poison


You were on level 1 of the Dungeon.
You visited 1 branch of the dungeon, and saw 1 of its levels.

You collected 14 gold pieces.

Inventory:

Hand Weapons
 c - a +0 club (weapon)
Armour
 a - a +0 robe (worn)
Scrolls
 b - a scroll of teleportation {unknown}
Potions
 d - a potion of mutation {unknown}


   Skills:
 - Level 1.5 Dodging
 + Level 3.4 Stealth
 + Level 2.1 Spellcasting
 - Level 1.0 Transmutations
 + Level 4.2 Poison Magic


You had 4 spell levels left.
You knew the following spells:

 Your Spells              Type           Power        Failure   Level
a - Sting                 Tmut/Pois      #...         8%          1

Your spell library contained the following spells:

 Spells                   Type           Power        Failure   Level
 Poisonous Vapours        Pois/Air       #.....       14%         2
 Ignite Poison            Fire/Tmut/Pois #.......     32%         3
 Mephitic Cloud           Conj/Pois/Air  #.......     36%         3
 Olgreb's Toxic Radiance  Pois           ##......     36%         4


Dungeon Overview and Level Annotations

Branches:
Dungeon (1/15)

Altars:
Nemelex Xobeh


Innate Abilities, Weirdness & Mutations

You cannot wear boots.
Your serpentine skin is tough. (AC +0)
You have supernaturally acute eyesight. (SInv)
Armour fits poorly on your strangely shaped body.
Your system is resistant to poisons. (rPois)
You cover ground very slowly.
You can spit poison.


Message History

HP restored.
Found a hunting sling.
You now have 14 gold pieces.
A frilled lizard comes into view.
Found a dark potion.
Found a sparkling altar of Nemelex Xobeh.
The helpless frilled lizard fails to defend itself.
You hit the frilled lizard.
You kill the frilled lizard!
You have reached level 2!
d - a dark potion
Found 16 gold pieces.
There is a fountain of sparkling water here.
There is a fountain of sparkling water here.
There is a fountain of sparkling water here.
There is a sparkling altar of Nemelex Xobeh here.
Saving game... please wait.
Welcome back, Krehm the Naga Venom Mage.
Press ? for a list of commands and other information.
There is a sparkling altar of Nemelex Xobeh here.
Are you sure you want to abandon this character and quit the game? (Confirm with "yes".)

#..# ...###
...#............ # ...
........#.. #. #$#
#.........
###.##.###)......#.#..#
#................#.#..#
#####⌠.⌠##..##.#.#.#..#
#.._@..............#
#.⌠.⌠.............#
#...####.####.#...#
##.## #.####.#...# #.#
#..........### #.#
#####....##.....
###.... #.#####.###.
#....##+#####.# #.
#.............# #)


There were no monsters in sight!

Vanquished Creatures
  A leopard gecko (D:1)
  A bat (D:1)
  A goblin (D:1)
  A hobgoblin (D:1)
  A frilled lizard (D:1)
5 creatures vanquished.

Notes
Turn   | Place    | Note
-------+----------+-------------------------------------------
     0 | D:1      | Krehm the Naga Venom Mage began the quest for the Orb.
     0 | D:1      | Reached XP level 1. HP: 15/15 MP: 3/3
   313 | D:1      | Found a sparkling altar of Nemelex Xobeh.
   314 | D:1      | Reached XP level 2. HP: 22/22 MP: 5/5
   338 | D:1      | Quit the game

Illustrated notes

Levels and vault maps discovered:
D:1:      dpeg_arrival_erosion, layout_basic, nemelex_xobeh_ov_fountains_minmay

Action                   || total
-------------------------++-------
Melee: Club              ||     4
       Unarmed           ||     1
 Cast: Sting             ||     4
 Stab: Sleeping          ||     3
Dodge: Dodged            ||     1

Table legend: (Time is in decaauts)
 A = Elapsed time spent in this place.
 B = Non-inter-level travel time spent in this place.
 C = Inter-level travel time spent in this place.
 D = Time resting spent in this place.
 E = Time spent auto-exploring this place.
 F = Levels seen in this place.
 G = Mean time per level.
                   A        B        C        D        E       F      G
               +--------+--------+--------+--------+--------+-----+--------+
         Total |    389 |    389 |      0 |    196 |    104 |   1 |  389.0 |
       Dungeon |    389 |    389 |      0 |    196 |    104 |   1 |  389.0 |
               +--------+--------+--------+--------+--------+-----+--------+

Top non-repeatable levels by time:
     D:1: 389 daAuts
